 Dungeon Crawl Stone Soup version 0.27.1-3-gb3d3a73c9e (webtiles) character file.

Game seed: 5271584257124632236

25 Descartes the Grasshopper (level 2, 0/15 HPs)
             Began as a Spriggan Warper on Oct 16, 2021.
             Succumbed to an adder's poison
             ... on level 2 of the Dungeon.
             The game lasted 00:01:29 (2310 turns).

Descartes the Grasshopper (Spriggan Warper)         Turns: 2310, Time: 00:01:30

Health: 0/15       AC:  2    Str:  7    XL:     2   Next: 86%
Magic:  7/7        EV: 17    Int: 14    God:
Gold:   60         SH:  0    Dex: 14    Spells: 7/7 levels left

rFire    . . .     SeeInvis +   a - +0 short sword
rCold    . . .     Faith    .   (shield restricted)
rNeg     . . .     Spirit   .   b - +0 robe
rPois    .         Reflect  .   (helmet restricted)
rElec    .         Harm     .   (no cloak)
rCorr    .         Rampage  .   (gloves unavailable)
Will     .....                  (boots unavailable)
Stlth    ++........             (no amulet)
HPRegen  0.05/turn              (no ring)
MPRegen  0.10/turn              (no ring)

@: mighty, lethally poisoned (0 -> -2), very quick
A: very small, no large weapons, unfitting armour, see invisible, speed 3
a: no special abilities


You were on level 2 of the Dungeon.
You visited 1 branch of the dungeon, and saw 2 of its levels.

You collected 60 gold pieces.

Inventory:

Hand Weapons
 a - a +0 short sword (weapon)
Missiles
 d - 5 boomerangs of dispersal (quivered)
 f - 3 boomerangs
Armour
 b - a +0 robe (worn)
Scrolls
 c - a scroll of blinking
 e - 2 scrolls of fear {unknown}
Potions
 h - a potion of lignification {unknown}


   Skills:
 + Level 1.8 Fighting
 + Level 2.6 Short Blades
 - Level 1.0 Throwing
 + Level 3.5 Dodging
 + Level 1.5 Stealth
 - Level 3.0 Spellcasting
 + Level 4.7 Translocations


You had 7 spell levels left.
You didn't know any spells.
Your spell library contained the following spells:

 Spells                   Type           Power      Damage    Failure   Level
 Blink                    Tloc           N/A        N/A       4%          2
 Gell's Gravitas          Tloc           7%         N/A       10%         3
 Lesser Beckoning         Tloc           7%         N/A       10%         3
 Teleport Other           Tloc           15%        N/A       10%         3
 Manifold Assault         Tloc           15%        N/A       65%         5


Dungeon Overview and Level Annotations

Branches:
Dungeon (2/15)

Altars:


Innate Abilities, Weirdness & Mutations

You are very small and have problems with some larger weapons.
You are too small for most types of armour.
You have supernaturally acute eyesight. (SInv)
You cover ground extremely quickly. (Speed+++)


Message History

No target in view!
No target in view!
HP restored.
Found a stone staircase leading down.
A bat comes into view.
A goblin comes into view. It is wielding a +0 club.
The goblin shouts!
An adder comes into view.
The bat closely misses you.
You hit the bat.
The bat is heavily wounded.
The bat misses you.
You hit the bat.
You kill the bat!
You hit the goblin.
The goblin is heavily wounded.
The goblin hits you with a +0 club.
You hit the goblin.
You kill the goblin!
The adder completely misses you.
You miss the adder. The adder closely misses you.
You hit the adder but do no damage. The adder misses you. The adder bites you.
You closely miss the adder. The adder bites you.
You are lethally poisoned!
The adder poisons you!
You are too injured to fight recklessly!
You are too injured to fight recklessly!
You are too injured to fight recklessly!
* * * LOW HITPOINT WARNING * * *
You feel sick.
* * * LOW HITPOINT WARNING * * *
You feel sick.
You see here a bat corpse.
* * * LOW HITPOINT WARNING * * *
You feel sick.
* * * LOW HITPOINT WARNING * * *
You feel sick.
It was a potion of might.
You feel very mighty all of a sudden.
You die...

#........# #........#.#
#........#####.########.#
#............#.########[#
...............##<......#
............>.##########
..######.......##
..#.............#
................#
.........@......#
................#
........##########
........†........#
#.......S........#
.................#
...........).....#
.................#
.................#


There were no monsters in sight!

Vanquished Creatures
  6 ball pythons (D:1)
  A bat (D:2)
  2 endoplasms (D:1)
  A giant cockroach (D:1)
  6 goblins
  A hobgoblin (D:1)
  2 quokkas
  A frilled lizard (D:1)
  A kobold (D:1)
21 creatures vanquished.

Notes
Turn   | Place    | Note
-------+----------+-------------------------------------------
     0 | D:1      | Descartes the Spriggan Warper began the quest for the Orb.
     0 | D:1      | Reached XP level 1. HP: 10/10 MP: 5/5
   979 | D:1      | Reached XP level 2. HP: 11/15 MP: 6/6
  1060 | D:1      | Reached skill level 1 in Stealth
  2310 | D:2      | Succumbed to an adder's poison

Illustrated notes

Levels and vault maps discovered:
D:1:      dpeg_arrival_circle_labyrinth_b, layout_basic
D:2:      layout_basic

Skill      XL: |  1  2 |
---------------+-------+-----
Stealth        | 1 |  1.5
Spellcasting   | 3 |  3.0
Fighting       | |  1.8
Short Blades   | |  2.6
Throwing       | |  1.0
Dodging        | |  3.5
Translocations | |  4.7

Action                   || total
-------------------------++-------
Melee: Short sword       ||   103
  Use: Potion            ||     1
 Stab: Sleeping          ||     2
Armor: Robe              ||    12
Dodge: Dodged            ||    84
